[Event "*** Titled Tuesday Blitz"]
[Site "Chess.com"]
[Date "2020.05.19"]
[Round "8"]
[White "ChronicUnhappiness"]
[Black "korbul"]
[Result "1-0"]
[WhiteElo "2300"]
[BlackElo "2429"]
[TimeControl "180+1"]
[EndTime "13:38:42 PDT"]
[Termination "ChronicUnhappiness won on time"]

1. c4 e6 2. Nf3 d5 3. g3 Nf6 4.
Bg2 Be7 5. O-O O-O 6. b3 a5 7. Bb2 a4 8. Na3 c6 9. d3 Nbd7 10. cxd5 exd5 11. Nc2 Re8 12. Ncd4 Bf8 13. bxa4 Qa5 14.
Nd2 Qxa4 15. Qxa4 Rxa4 16. Rfe1 Bb4 17. Red1 Ne5 18. N2f3 Nxf3+ 19. Bxf3 Bh3 20. a3 Bf8 21. Nb3 Nd7 22. Rab1 Rea8 23. e4 dxe4 24. dxe4 Bxa3 25. Bxa3 Rxa3 26. Bg2 Bxg2 27. Kxg2 Nf6 28. Nc5 b5 29. e5 Nd5 30. e6 fxe6 31. Re1 Re8 32. Nxe6 b4 33. Nd4 Rxe1 34. Rxe1 c5 35. Nb5 Ra2 36. Nd6 g6 37. Re5 b3 38. Re8+ Kg7 39. Rb8 Rb2 40.
Nc4 Rc2 41. Ne5 c4 42. Rb7+ Kf6 43. Nxc4 Rxc4 44. Rxb3 Rc2 45. Rf3+ Ke5 46. h4 Nc3 47. Rf8 Ne4 48. Rf7 h5 49. Rf8 Nf6 50. Kg1 Ng4 51. Kg2 Ne3+ 52. Kf3 Nf5 53. Kg2 Ke4 54. Rf7 Kd3 55.
Rf6 Ke2 56. Rxg6 Ke1 57. Rf6 Rxf2+ 58. Kh3 Rf1 59. Re6+ Kd2 60. Rf6 Ke3 61. Re6+ Kd4 62.
Rf6 Ke5 63. Rf8 Rf3 64. Re8+ Kf6 65. Rg8 Ne3 66. Rg5 Ng4 67. Rxh5 Ne5 68. Rg5 Rf1 69. Kg2 Rd1 70. Rg8 Rd2+ 71. Kh3 Kf5 72. Rg5+ Ke4 73. Rg8 Rd1 74. Kg2 Ke3 75. Re8 Ke4 76. Kh3 Rh1+ 77. Kg2 Ra1 78. Kh3 Kf5 79. Kg2 Ra2+ 80. Kh3 Nd3 81. Rf8+ Ke6 82. Rg8 Nf2+ 83. Kg2 1-0

[Event "*** Titled Tuesday Blitz"]
[Site "Chess.com"]
[Date "2020.05.19"]
[Round "8"]
[White "Indianlad"]
[Black "DenLaz"]
[Result "1/2-1/2"]
[WhiteElo "2923"]
[BlackElo "2679"]
[TimeControl "180+1"]
[EndTime "13:38:49 PDT"]
[Termination "Game drawn - insufficient material"]

1. Nf3 d5 2. e3 Nf6 3. c4 c6 4. Nc3 Bf5 5. cxd5 cxd5 6. Qb3 Bc8 7. Bb5+ Nc6 8. Ne5 Bd7 9. Nxd7 Qxd7 10. d4 e6 11. O-O a6 12. Bd3 Bd6 13. Na4 Qc7 14. f4 O-O 15. Bd2 Na5 16. Qb6 Nc4 17. Qxc7 Bxc7 18.
Bxc4 dxc4 19. Rfc1 b5 20. Nc5 Bb6 21. b3 cxb3 22.
axb3 a5 23. Kf1 Rfc8 24. Ke2 Kf8 25. Nb7 Rxc1 26. Rxc1 Ke7 27. Rc6 Bd8 28. Kd3 a4 29. Bb4+ Kd7 30. Rc1 Bb6 31. Bc5 Bc7 32.
bxa4 bxa4 33. Ba3 Bb6 34. e4 Ne8 35. Rb1 Ra6 36. Kc4 Nc7 37. Bc5 Ba7 38. Bxa7 Rxa7 39. Nc5+ Kc6 40. Ra1 a3 41. Nd3 Ra4+ 42. Nb4+ Kb6 43.
Kb3 Kb5 44. Nc2 Ra8 45. Nxa3+ Kc6 46. Rc1+ Kd7 47. Nc4 Rb8+ 48. Kc3 Nb5+ 49. Kd3 f6 50. Rb1 Rb7 51. Na5 Rb6 52. Nb3 Kc7 53. Nc5 e5 54.
fxe5 fxe5 55. d5 Kd6 56. Ne6 Rb7 57. h4 g6 58. g4 Ke7 59. Rb4 Nd6 60. Rxb7+ Nxb7 61.
g5 Nd6 62. Nc5 Nf7 63. Kc4 h6 64. gxh6 Nxh6 65. Kb5 Kd6 66. Nb7+ Kc7 67. Na5 Nf7 68. Nc4 g5 69. d6+ Kd7 70. hxg5 Nxg5 71. Kc5 Nxe4+ 72.
Kd5 Nxd6 73. Nxe5+ 1/2-1/2

[Event "*** Titled Tuesday Blitz"]
[Site "Chess.com"]
[Date "2020.05.19"]
[Round "8"]
[White "ChessicallyInclined"]
[Black "Last7Samurai"]
[Result "1/2-1/2"]
[WhiteElo "2511"]
[BlackElo "2798"]
[TimeControl "180+1"]
[EndTime "13:38:51 PDT"]
[Termination "Game drawn by 50-move rule"]

1. d4 d5 2. c4 c6 3. Nf3 Nf6 4. e3 Bf5 5. Nc3 e6 6. Nh4 Be4 7. f3 Bg6 8. Bd2 Nbd7 9. g3 Be7 10. Nxg6 hxg6 11. Bg2 dxc4 12. e4 e5 13. Be3 exd4 14.
Bxd4 Bc5 15. f4 O-O 16. e5 Ne8 17. Ne4 Bxd4 18. Qxd4 Nb6 19. Qxd8 Rxd8 20. Nc5 Nd5 21. Nxb7 Rb8 22. Na5 Rxb2 23. O-O c3 24. Nxc6 Ne3 25. Rf2 Nc7 26. Rxb2 cxb2 27. Rb1 Nc4 28. Bf1 Nb6 29. Rxb2 f6 30. Nxa7 Nbd5 31. exf6 gxf6 32. Nc6 Kg7 33. a4 Kh6 34. a5 Ra8 35. Kf2 g5 36. fxg5+ fxg5 37. Bc4 Rf8+ 38. Ke2 Nc3+ 39. Kd3 Na4 40. Re2 Rf6 41. Ne5 Rf1 42. Kc2 Ra1 43. Ng4+ Kh5 44. Nf6+ Kg6 45. Ne4 g4 46. Bb3 Nb5 47. Bxa4 Rxa4 48.
Nc3 Rxa5 49. Re5 Nd4+ 50. Kd3 Rxe5 51. Kxd4 Re1 52. Ne4 Rh1 53. Nf2 Rxh2 54. Nxg4 Rg2 55. Ne3 Rxg3 56. Ke4 Rg1 57. Nd5 Ra1 58. Kf3 Ra4 59.
Ne3 Kg5 60. Ke2 Kf4 61. Nd5+ Ke5 62. Nc3 Ra3 63. Kd3 Rb3 64. Kc4 Rb8 65. Kd3 Rc8 66.
Ne2 Rh8 67. Nc3 Rh4 68. Ne2 Rh3+ 69. Kd2 Ke4 70. Nc3+ Kd4 71. Ne2+ Kc4 72. Nf4 Rf3 73. Ne2 Ra3 74. Ke1 Ra2 75. Kf1 Rb2 76. Nf4 Kd4 77.
Ke1 Ke3 78. Nd5+ Kd3 79. Nf4+ Ke4 80. Nh3 Ke3 81. Kf1 Kf3 82. Ng5+ Kf4 83. Ne6+ Ke3 84. Kg1 Rb6 85. Nc5 Rc6 86. Nd7 Rd6 87. Ne5 Ke4 88.
Nc4 Rf6 89. Kg2 Kd4 90. Nd2 Ke3 91. Nf1+ Kf4 92. Kf2 Ra6 93. Ke2 Ra2+ 94. Nd2 Ke5 95. Kd3 Ra3+ 96. Kc4 Rh3 97. Nb3 Rh8 98. Nc5 Rc8 99.
Kb5 Kd5 100. Nb3 Rc3 101. Kb4 Rc4+ 102. Ka3 Rc8 103. Kb2 Kc4 104. Nd2+ Kd3 105. Nb3 Rb8 1/2-1/2

[Event "*** Titled Tuesday Blitz"]
[Site "Chess.com"]
[Date "2020.05.19"]
[Round "8"]
[White "dbrankovic68"]
[Black "Konovalova_Vera"]
[Result "1-0"]
[WhiteElo "2338"]
[BlackElo "2158"]
[TimeControl "180+1"]
[EndTime "13:38:51 PDT"]
[Termination "dbrankovic68 won on time"]

1. e4 c6 2. d4 d5 3. Nc3 dxe4 4.
Nxe4 Bf5 5. Nc5 b6 6. Nb3 e6 7. Ne2 Bd6 8. Bf4 Nf6 9. Bxd6 Qxd6 10. Ng3 Bg6 11. Bd3 O-O 12. O-O Nbd7 13. Qe2 Bxd3 14.
Qxd3 Rfd8 15. Rad1 Rac8 16. Rfe1 Qf4 17. Qe3 Qh4 18.
h3 h6 19. Rd2 Nd5 20. Qf3 N7f6 21. c3 Qg5 22. Rde2 Qg6 23. Ne4 Nxe4 24. Rxe4 h5 25.
Re5 Nf6 26. Qf4 Rd5 27. R5e2 Rf5 28. Qh4 Rg5 29. g3 Nd5 30. Nd2 Rf5 31. Ne4 Rd8 32.
Kh2 Rd7 33. f4 Nf6 34. Ng5 Nh7 35. Nf3 Qf6 36. Qxf6 Nxf6 37. Ne5 Rc7 38. Rf2 Nd5 39. Re4 Rf6 40. g4 hxg4 41. hxg4 Rh6+ 42. Kg3 f6 43. Nd3 Kf7 44. Rfe2 Re7 45. c4 Nc7 46. b3 Re8 47.
Nf2 Reh8 48. R4e3 Rd8 49. Rd3 c5 50. Red2 cxd4 51. Rxd4 Rxd4 52. Rxd4 Ke7 53. Ne4 Ne8 54. c5 bxc5 55. Nxc5 Nd6 56. Ra4 Nc8 57. Ra6 e5 58. Rc6 Nd6 59. Rc7+ Ke8 60. Rxa7 exf4+ 61. Kxf4 g5+ 62.
Kg3 Rh1 63. Ne6 Rg1+ 64. Kf2 Rd1 65. Ng7+ Kf8 66. Nf5 Ke8 67. Nxd6+ Rxd6 68. Ra4 Rd2+ 69.
Ke3 Rd1 70. Ke4 Rf1 71. Kd5 Ke7 72. Ra7+ Kf8 73. Ra4 Kf7 74. Rc4 Kg6 75. a4 Rd1+ 76. Kc5 Ra1 77. Kb5 f5 78. b4 f4 79. Rc6+ Kf7 80. Rc3 Ke6 81. a5 Ke5 82. Kb6 Ke4 83. Rc4+ Kd3 84. Rc5 f3 85. Rxg5 f2 86. Rf5 1-0

[Event "*** Titled Tuesday Blitz"]
[Site "Chess.com"]
[Date "2020.05.19"]
[Round "8"]
[White "51616516516"]
[Black "cukus"]
[Result "0-1"]
[WhiteElo "2339"]
[BlackElo "2493"]
[TimeControl "180+1"]
[EndTime "13:39:07 PDT"]
[Termination "cukus won on time"]

1. d4 Nf6 2. c4 g6 3. g3 Bg7 4.
Bg2 d5 5. cxd5 Nxd5 6. Nf3 Nb6 7.
O-O Nc6 8. Nc3 O-O 9. d5 Na5 10. Qc2 c6 11. dxc6 Nxc6 12. Rd1 Qe8 13. e4 Bg4 14.
Be3 Rc8 15. Qe2 Ne5 16. Bxb6 axb6 17. Nd5 Nc4 18. Rac1 Nxb2 19. Rxc8 Bxc8 20. Rc1 e6 21. Rxc8 Qd7 22. Rxf8+ Kxf8 23. Nxb6 Qc6 24. Qe3 Bf6 25. e5 Bd8 26. Qa3+ Kg7 27. Qxb2 Bxb6 28. h4 Qc5 29. Ng5 Bc7 30. Qxb7 Qxe5 31. a4 h6 32. Nf3 Qc5 33. Qb2+ Kg8 34. Qa2 Bxg3 35. a5 Bb8 36. a6 Ba7 37. Nh2 Qc1+ 38. Bf1 Qf4 39. Qc2 Qxh4 40. Bg2 Qf4 41. Nf3 h5 42. Ne1 h4 43. Qc8+ Kg7 44.
Qc2 Qg3 45. Qb2+ Kg8 46. Kf1 Qg4 47. Qe2 Qf4 48. Qf3 Qc4+ 49. Qd3 Qc5 50. Qe2 Qa3 51.
Kg1 h3 52. Bxh3 Qxh3 53. Nd3 Qg3+ 54. Kf1 Qh3+ 55. Ke1 Qh1+ 56. Kd2 Qd5 57. Kc2 Qc4+ 58. Kd1 Qxa6 59. Ke1 Qa5+ 60. Kf1 Qd5 61. Kg1 Kg7 62. Kf1 Qd4 63. Qe5+ Qxe5 64. Nxe5 Bb8 65. Nd3 g5 66. Ke2 Kg6 67. Kf3 Kf5 68. Nc5 Bd6 69.
Nd3 e5 70. Nc1 g4+ 71. Kg2 e4 72. Ne2 Kg5 73. Nc3 f5 74. Nb5 Be5 75. Na3 f4 76. Nc4 f3+ 77. Kf1 Bd4 78. Nd6 Kf4 79. Nc4 e3 80. fxe3+ Bxe3 81. Nb2 g3 82. Nd3+ Ke4 83. Ne1 Bd4 84. Nxf3 Kxf3 0-1

[Event "*** Titled Tuesday Blitz"]
[Site "Chess.com"]
[Date "2020.05.19"]
[Round "8"]
[White "IngOscarArdila"]
[Black "mshuaau0"]
[Result "1/2-1/2"]
[WhiteElo "2044"]
[BlackElo "2229"]
[TimeControl "180+1"]
[EndTime "13:39:14 PDT"]
[Termination "Game drawn by repetition"]

1. d4 d5 2. Nf3 Nf6 3. g3 e6 4. Bg2 Be7 5. O-O O-O 6. Nbd2 b5 7. c3 a6 8. Re1 Bb7 9. Ne5 Nbd7 10. Ndf3 c5 11. Bf4 Nxe5 12. Nxe5 Nd7 13. Rc1 Nxe5 14. Bxe5 Bd6 15. Bxd6 Qxd6 16. e3 c4 17. a3 a5 18.
Qd2 Bc6 19. Ra1 h5 20. h4 g6 21. e4 dxe4 22. Bxe4 Bxe4 23. Rxe4 b4 24. axb4 axb4 25. Ree1 b3 26. Qh6 Qd5 27. Qg5 Ra2 28. Rab1 Qxg5 29. hxg5 Rd8 30. f4 Rd5 31. Kf2 Rda5 32.
Ke3 Kf8 33. Ke4 Ke7 34. Rh1 Kd6 35. Rhd1 Ra8 36. Rh1 Rh8 37. Rh4 Rha8 38. Rhh1 Ke7 39. Rhg1 f6 40. gxf6+ Kxf6 41. Rgd1 R8a5 42. Rf1 Kg7 43. Rfd1 g5 44. d5 gxf4 45. gxf4 Kf6 46. d6 Ra8 47. Rd4 R2a4 48. Rh1 Rh8 49. d7 Ke7 50. Rxh5 Rd8 51. Rh7+ Kf6 52. Rh6+ Ke7 53. Rh5 Ra2 54. Rh2 Kf6 55. Rd6 Ke7 56. Rd4 Kf6 57. Rxc4 Rxd7 58. Rb4 Rd5 59. Rxb3 Ra4+ 60. Rb4 Rxb4+ 61.
cxb4 Rb5 62. Rh6+ Ke7 63. Rh7+ Kf6 64. Rh6+ Ke7 65. Rh7+ Kd6 66. Rh6 Rxb4+ 67. Ke3 Rxb2 68. f5 Rb3+ 69. Kd2 Rb2+ 70. Kc3 Rf2 71. Rxe6+ Kd7 72. Rf6 Ke7 73. Re6+ Kf7 74. Re5 Kf6 75. Rb5 Rf3+ 76. Kd4 Rf4+ 77. Ke3 Rf1 78. Ke4 Re1+ 79. Kf4 Rf1+ 80. Ke4 Re1+ 81. Kf4 Rc1 82. Kg4 Rc4+ 83.
Kf3 Ra4 84. Rc5 Rb4 85. Rd5 Rc4 86. Ra5 Rb4 87. Rd5 Rc4 88. Ra5 Rd4 89. Rc5 Ra4 90. Rd5 Rb4 91. Rc5 Rh4 92. Ra5 Rh1 93. Kf4 Rg1 94.
Ra6+ Kf7 95. Ke5 Re1+ 96. Kf4 Rf1+ 97. Kg5 Rg1+ 98. Kf4 Re1 99. Kg5 Rg1+ 100. Kf4 Rf1+ 101. Kg5 Rg1+ 1/2-1/2

[Event "*** Titled Tuesday Blitz"]
[Site "Chess.com"]
[Date "2020.05.19"]
[Round "9"]
[White "AlanZhang"]
[Black "Kavyev_Ruslan"]
[Result "0-1"]
[WhiteElo "2231"]
[BlackElo "2453"]
[TimeControl "180+1"]
[EndTime "13:41:03 PDT"]
[Termination "Kavyev_Ruslan won by resignation"]

1. e4 c5 2. Nf3 d6 3. d4 cxd4 4. Nxd4 Nf6 5. Nc3 a6 6. h3 e5 7.
Nb3 Be6 8. f4 g6 9. Qf3 Nc6 10.
f5 gxf5 11. exf5 Bxb3 12. axb3 Nd4 13. Qe4 Nxe4 0-1

[Event "*** Titled Tuesday Blitz"]
[Site "Chess.com"]
[Date "2020.05.19"]
[Round "9"]
[White "WeAintSurePal"]
[Black "eightbyeightchess"]
[Result "1-0"]
[WhiteElo "2312"]
[BlackElo "2514"]
[TimeControl "180+1"]
[EndTime "13:41:41 PDT"]
[Termination "WeAintSurePal won by resignation"]

1. d4 d5 2. c4 c6 3. Nc3 Nf6 4. cxd5 cxd5 5. Bf4 Nc6 6. e3 e6 7. Nf3 Bd6 8. Bg3 O-O 9. a3 Rb8 10. Bd3 a6 11. Ne5 Qe7 12. O-O Bd7 13. f4 b5 14.
Bh4 b4 15. Nxd7 Qxd7 16. Bxf6 gxf6 17. Bxh7+ Kxh7 18. Qh5+ Kg7 19. Qg4+ Kh8 20. Rf3 1-0

[Event "*** Titled Tuesday Blitz"]
[Site "Chess.com"]
[Date "2020.05.19"]
[Round "9"]
[White "ChadBiryani"]
[Black "Zq1"]
[Result "0-1"]
[WhiteElo "2294"]
[BlackElo "2497"]
[TimeControl "180+1"]
[EndTime "13:41:44 PDT"]
[Termination "Zq1 won by resignation"]

1. d4 Nf6 2. Bf4 g6 3. e3 Bg7 4.
Be2 O-O 5. h4 h5 6. Nf3 d6 7. c4 c5 8. Nc3 cxd4 9. exd4 d5 10. c5 Nc6 11. a3 Ne4 12. O-O Bg4 13. Be3 e6 14. Qd2 Nxd2 0-1

[Event "*** Titled Tuesday Blitz"]
[Site "Chess.com"]
[Date "2020.05.19"]
[Round "9"]
[White "Zarikovs1999"]
[Black "Stronger1799"]
[Result "0-1"]
[WhiteElo "2397"]
[BlackElo "2340"]
[TimeControl "180+1"]
[EndTime "13:41:50 PDT"]
[Termination "Stronger1799 won by resignation"]

1. Nf3 Nf6 2. c4 g6 3. g3 Bg7 4. Bg2 O-O 5. O-O d5 6. cxd5 Nxd5 7. Nc3 Nb6 8. d4 Nc6 9. e3 Re8 10. b3 e5 11. dxe5 Nxe5 12. Nxe5 Bxe5 13. Bb2 Qe7 14.
Qe2 c6 15. Rac1 Bf5 16. f4 Bxc3 17. Rxc3 Rad8 18. g4 Be4 19. Rd1 Rxd1+ 20. Qxd1 Bxg2 21. Kxg2 Nd5 22. Rd3 Nxe3+ 23. Rxe3 Qxe3 24. Bf6 Qe2+ 0-1

[Event "*** Titled Tuesday Blitz"]
[Site "Chess.com"]
[Date "2020.05.19"]
[Round "9"]
[White "MateSchmate"]
[Black "rasmussvane"]
[Result "0-1"]
[WhiteElo "2544"]
[BlackElo "2869"]
[TimeControl "180+1"]
[EndTime "13:42:15 PDT"]
[Termination "rasmussvane won by resignation"]

1. e4 c6 2. Bc4 d5 3. Bb3 dxe4 4. Qh5 e6 5. Nc3 Nf6 6. Qh4 Be7 7. Nxe4 Nbd7 8. Nf3 Nxe4 9. Qxe4 Nc5 10. Qe3 Nxb3 11. axb3 c5 12. O-O O-O 13. d4 Qc7 14. dxc5 Bxc5 15.
Qf4 Bd6 16. Qc4 Qe7 17. Bf4 e5 18. Rfe1 Be6 19. Nxe5 Bxc4 20. Nxc4 Qxe1+ 21. Rxe1 Bxf4 0-1

[Event "*** Titled Tuesday Blitz"]
[Site "Chess.com"]
[Date "2020.05.19"]
[Round "9"]
[White "kirillshevchenko"]
[Black "TigrVShlyape"]
[Result "1/2-1/2"]
[WhiteElo "2933"]
[BlackElo "2834"]
[TimeControl "180+1"]
[EndTime "13:42:31 PDT"]
[Termination "Game drawn by agreement"]

1. e4 e5 2. Nf3 Nc6 3. Bb5 Nf6 4.
O-O Nxe4 5. d4 Nd6 6. Bxc6 dxc6 7. dxe5 Nf5 8. Qxd8+ Kxd8 9. Nc3 Ke8 10. h3 Ne7 11. a4 Ng6 12. a5 Be6 13. Be3 h6 14. Rfd1 Be7 15. Nd4 1/2-1/2

[Event "*** Titled Tuesday Blitz"]
[Site "Chess.com"]
[Date "2020.05.19"]
[Round "9"]
[White "ChessBitl"]
[Black "MPGM"]
[Result "1/2-1/2"]
[WhiteElo "2362"]
[BlackElo "2520"]
[TimeControl "180+1"]
[EndTime "13:42:32 PDT"]
[Termination "Game drawn by repetition"]

1. e4 c6 2. d4 d5 3. Nd2 dxe4 4. Nxe4 Nf6 5. Nxf6+ exf6 6. Bc4 Bd6 7. Qh5 O-O 8. Ne2 g6 9. Qf3 Re8 10. Be3 Be6 11.
Bxe6 Rxe6 12. O-O-O Re8 13. Kb1 Nd7 14. h4 Qe7 15. h5 g5 16. Ng3 Bxg3 17. Qxg3 Nf8 18. Rhe1 Qd7 19. Bxg5 fxg5 20. Qxg5+ Kh8 21. Qf6+ Kg8 22.
Qg5+ Kh8 23. Qf6+ Kg8 24. Qg5+ 1/2-1/2

[Event "*** Titled Tuesday Blitz"]
[Site "Chess.com"]
[Date "2020.05.19"]
[Round "9"]
[White "Orest_Vovk"]
[Black "valeriocarnicelli"]
[Result "0-1"]
[WhiteElo "2391"]
[BlackElo "2564"]
[TimeControl "180+1"]
[EndTime "13:42:40 PDT"]
[Termination "valeriocarnicelli won by resignation"]

1. e4 e5 2. Bc4 Nc6 3. a3 Nf6 4. d3 Bc5 5. h3 d6 6. Nf3 a6 7. O-O Ba7 8. Be3 h6 9. Bxa7 Nxa7 10. Nc3 Nc6 11. Nd5 Nxd5 12. Bxd5 Ne7 13. Bxf7+ Kxf7 14. d4 Ng6 15. c3 Rf8 16. Nh2 Kg8 17. Qh5 Nf4 18. Qd1 Qg5 19. Ng4 h5 20. Ne3 Bxh3 21. Qf3 Bg4 22. Qg3 Ne2+ 0-1

[Event "*** Titled Tuesday Blitz"]
[Site "Chess.com"]
[Date "2020.05.19"]
[Round "9"]
[White "aa175"]
[Black "Zubrrr"]
[Result "0-1"]
[WhiteElo "2425"]
[BlackElo "2649"]
[TimeControl "180+1"]
[EndTime "13:42:40 PDT"]
[Termination "Zubrrr won by resignation"]

1. d4 f5 2. h3 d5 3. Bf4 Nf6 4.
e3 c5 5. Nf3 Nc6 6. Nbd2 e6 7.
c3 Bd6 8. Bd3 O-O 9. g4 Ne4 10.
Ne5 Qc7 11. Ndf3 c4 12. Bc2 b5 13. a3 a5 14. Nd2 Nxe5 15. dxe5 Bxe5 16. Bxe5 Qxe5 17. Nf3 Qf6 18. gxf5 Qxf5 19. Bxe4 dxe4 0-1

[Event "*** Titled Tuesday Blitz"]
[Site "Chess.com"]
[Date "2020.05.19"]
[Round "9"]
[White "Titus369"]
[Black "Borsuk_Konstantin"]
[Result "1-0"]
[WhiteElo "2527"]
[BlackElo "2625"]
[TimeControl "180+1"]
[EndTime "13:42:46 PDT"]
[Termination "Titus369 won by resignation"]

1. e4 e6 2. d4 d5 3. Nd2 Nf6 4. e5 Nfd7 5. Bd3 c5 6. c3 Nc6 7.
Ne2 b6 8. O-O cxd4 9. cxd4 Nb4 10.
Bb1 Ba6 11. Nf3 Qc7 12. a3 Nc6 13. Re1 Rc8 14. Nc3 Ndb8 15. Ng5 g6 16. Kh1 Nd8 17. f4 h6 18. Nf3 Nbc6 19. g4 h5 20. g5 Ne7 21.
Qa4+ 1-0

[Event "*** Titled Tuesday Blitz"]
[Site "Chess.com"]
[Date "2020.05.19"]
[Round "9"]
[White "The_Machine04"]
[Black "KanseiMigatte"]
[Result "0-1"]
[WhiteElo "2278"]
[BlackElo "2401"]
[TimeControl "180+1"]
[EndTime "13:42:54 PDT"]
[Termination "KanseiMigatte won by resignation"]

1. d4 e6 2. Nf3 d5 3. Nbd2 Nf6 4. e3 Be7 5. Bd3 O-O 6. c3 c5 7. Ne5 Nc6 8. f4 Ne8 9. O-O f5 10. b3 Nxe5 11. fxe5 g6 12. Ba3 b6 13. Nf3 a5 14.
Qe2 Ng7 15. c4 Bb7 16. Rad1 cxd4 17. exd4 Bxa3 0-1

[Event "*** Titled Tuesday Blitz"]
[Site "Chess.com"]
[Date "2020.05.19"]
[Round "9"]
[White "giantslayer83"]
[Black "Incognito2525"]
[Result "1-0"]
[WhiteElo "2675"]
[BlackElo "2497"]
[TimeControl "180+1"]
[EndTime "13:42:56 PDT"]
[Termination "giantslayer83 won by resignation"]

1. d4 Nf6 2. Bg5 g6 3. Bxf6 exf6 4. e3 h5 5. h4 f5 6. g3 Be7 7. Ne2 Nc6 8. Nf4 d6 9. c3 Bd7 10. Nd2 a6 11. Bg2 Rb8 12. b4 Na7 13. a4 c6 14. Qb3 d5 15. c4 dxc4 16. Nxc4 Nc8 17.
Ne5 Rf8 18. O-O Nd6 19. Rfd1 g5 20. hxg5 Bxg5 21. Nxh5 Be6 22. Ng7+ Ke7 23. Nxe6 fxe6 24. Ng6+ Kf6 25. Nxf8 Qxf8 26. Qb2 Nc4 27. Qc3 b5 28.
d5+ e5 29. dxc6 Qh6 30. axb5 axb5 31. c7 1-0

[Event "*** Titled Tuesday Blitz"]
[Site "Chess.com"]
[Date "2020.05.19"]
[Round "9"]
[White "Raja3401"]
[Black "MrTattaglia"]
[Result "1/2-1/2"]
[WhiteElo "2745"]
[BlackElo "3006"]
[TimeControl "180+1"]
[EndTime "13:42:58 PDT"]
[Termination "Game drawn by agreement"]

1. e4 e5 2. Nf3 Nc6 3. Bb5 a6 4. Ba4 Nf6 5. O-O Be7 6. d3 b5 7. Bb3 d6 8. a3 O-O 9. Nc3 Bg4 10. Be3 Nd4 11. Bxd4 exd4 12. Nd5 Nd7 13. h3 Bxf3 14. Qxf3 a5 15. a4 b4 16. Qg3 c6 17. Nxe7+ Qxe7 18. f4 Kh8 19. Rae1 Nc5 20. e5 Nxb3 21. cxb3 Rae8 22. Qf3 dxe5 23. Rxe5 Qd6 24. Rfe1 Re6 1/2-1/2

[Event "*** Titled Tuesday Blitz"]
[Site "Chess.com"]
[Date "2020.05.19"]
[Round "9"]
[White "wonderfultime"]
[Black "A-Fier"]
[Result "1-0"]
[WhiteElo "2995"]
[BlackElo "2735"]
[TimeControl "180+1"]
[EndTime "13:43:00 PDT"]
[Termination "wonderfultime won by resignation"]

1. d4 Nf6 2. Nf3 g6 3. Bg5 Bg7 4.
Nbd2 c5 5. c3 Qb6 6. Qb3 O-O 7.
e3 d6 8. Bd3 Be6 9. Qa3 Nc6 10.
O-O Rac8 11. Rfd1 cxd4 12. exd4 h6 13. Bxf6 Bxf6 14. Re1 Bd5 15. Re2 Na5 16. Rae1 Nc4 17. Nxc4 Bxc4 18. Bxc4 Rxc4 19. Nd2 Rc7 20. Ne4 Bg7 21.
h4 d5 22. Nd2 e6 23. Nf3 Qa6 24. Qb3 b5 25. a3 Qa4 26. Qa2 a5 27. b3 1-0

[Event "*** Titled Tuesday Blitz"]
[Site "Chess.com"]
[Date "2020.05.19"]
[Round "9"]
[White "Ana_Berke"]
[Black "Belka1989"]
[Result "1-0"]
[WhiteElo "2108"]
[BlackElo "2118"]
[TimeControl "180+1"]
[EndTime "13:43:00 PDT"]
[Termination "Ana_Berke won by resignation"]

1. e4 e5 2. Nf3 Nc6 3. Nc3 Nf6 4. Bb5 Nd4 5. Nxd4 exd4 6. e5 dxc3 7. exf6 Qxf6 8. dxc3 c6 9. Bd3 d5 10. O-O Bc5 11.
Qh5 Be6 12. Bg5 Qe5 13. Rae1 Qc7 14. Rxe6+ Kd7 15. Qxf7+ Kc8 16. Re8+ Rxe8 1-0

[Event "*** Titled Tuesday Blitz"]
[Site "Chess.com"]
[Date "2020.05.19"]
[Round "9"]
[White "Robert_Chessmood"]
[Black "chessplayer9919"]
[Result "1-0"]
[WhiteElo "2874"]
[BlackElo "2504"]
[TimeControl "180+1"]
[EndTime "13:43:01 PDT"]
[Termination "Robert_Chessmood won by resignation"]

1. e4 c6 2. Nf3 d5 3. d3 dxe4 4. dxe4 Qxd1+ 5. Kxd1 Bg4 6. Be2 Nd7 7. Ne1 Bxe2+ 8. Kxe2 e5 9. Nd3 f6 10. Be3 O-O-O 11.
Nd2 b6 12. a4 Kb7 13. a5 b5 14. a6+ Ka8 15. Nb3 Nb6 16. Rhd1 Ne7 17. Ndc5 Rc8 18. Na5 Ng6 19. g3 Bxc5 20. Bxc5 Na4 21. Rxa4 bxa4 22.
Rd7 Rhd8 23. Rxa7+ Kb8 24. Rb7+ Ka8 25. Nc4 1-0

[Event "*** Titled Tuesday Blitz"]
[Site "Chess.com"]
[Date "2020.05.19"]
[Round "9"]
[White "okriak"]
[Black "MFguimaraes"]
[Result "1-0"]
[WhiteElo "2744"]
[BlackElo "2500"]
[TimeControl "180+1"]
[EndTime "13:43:04 PDT"]
[Termination "okriak won by resignation"]

1. e4 e5 2. Nf3 Nc6 3. d4 exd4 4. Nxd4 Bb4+ 5. c3 Bc5 6. Be3 Bb6 7. Nf5 g6 8. Bxb6 axb6 9. Ne3 Nf6 10. Bd3 O-O 11. c4 d6 12. Nc3 Ne5 13. Be2 h5 14. f3 Kg7 15. Qd4 Nc6 16. Qd2 Be6 17. O-O h4 18. h3 Nh5 19. f4 Ng3 20. Rf2 Qf6 21. f5 Bd7 22. Ng4 Qd4 23. Qh6+ Kg8 24. Nd5 Nxe2+ 25.
Kh2 Qg7 26. Ndf6+ 1-0

[Event "*** Titled Tuesday Blitz"]
[Site "Chess.com"]
[Date "2020.05.19"]
[Round "9"]
[White "Aikiigm"]
[Black "Baby_Legs"]
[Result "0-1"]
[WhiteElo "2535"]
[BlackElo "2708"]
[TimeControl "180+1"]
[EndTime "13:43:11 PDT"]
[Termination "Baby_Legs won by resignation"]

1. e4 c6 2. Qf3 g6 3. Nc3 Bg7 4.
h4 h5 5. Nh3 d6 6. Ng5 Nf6 7.
d3 c5 8. Be3 Nc6 9. Qd1 Rb8 10.
Be2 b5 11. f3 b4 12. Nd5 Nxd5 13. exd5 Ne5 14. Qd2 a5 15. c4 bxc3 16. bxc3 Qc7 17.
O-O O-O 18. c4 Bf5 19. Rab1 Rxb1 20. Rxb1 Nxc4 21. dxc4 Bxb1 22. g4 Rb8 23. gxh5 gxh5 24. Bd3 Qb6 25. Bf2 Bxd3 26. Qxd3 Qb1+ 0-1

[Event "*** Titled Tuesday Blitz"]
[Site "Chess.com"]
[Date "2020.05.19"]
[Round "9"]
[White "ZarinaShafigullina"]
[Black "Tolya2"]
[Result "1-0"]
[WhiteElo "2352"]
[BlackElo "2431"]
[TimeControl "180+1"]
[EndTime "13:43:12 PDT"]
[Termination "ZarinaShafigullina won by resignation"]

1. d4 d5 2. Nf3 Nf6 3. g3 Bf5 4. c4 c6 5. Nc3 e6 6. Nh4 Bg4 7. h3 Bh5 8. g4 Bg6 9. Qb3 Qc8 10. Nxg6 hxg6 11. Bg2 Nbd7 12. e4 dxe4 13. Nxe4 Nxe4 14. Bxe4 Nf6 15. Bg2 Bd6 16. Bg5 Qc7 17. Qf3 Qa5+ 18.
Bd2 Bb4 19. Qd3 Bxd2+ 20. Qxd2 Qxd2+ 21. Kxd2 O-O-O 22. Kc3 g5 23. Rad1 Rd6 24. Rd3 Rhd8 25. Rhd1 Kc7 26. b4 b6 27. a4 a5 28. b5 c5 29.
dxc5 Rxd3+ 30. Rxd3 Rxd3+ 31. Kxd3 bxc5 32. Bc6 Ng8 33. Be8 f6 34. Bf7 Kd6 35. Bxg8 1-0

[Event "*** Titled Tuesday Blitz"]
[Site "Chess.com"]
[Date "2020.05.19"]
[Round "9"]
[White "GoltsevDmitry2000"]
[Black "OK97"]
[Result "1/2-1/2"]
[WhiteElo "2594"]
[BlackElo "2737"]
[TimeControl "180+1"]
[EndTime "13:43:13 PDT"]
[Termination "Game drawn by repetition"]

1. e4 e5 2. Nf3 Nc6 3. Bb5 a6 4. Ba4 b5 5. Bb3 Na5 6. Nxe5 Nxb3 7. axb3 Qg5 8. d4 Qxg2 9. Qf3 Qxf3 10. Nxf3 Nf6 11.
e5 Nd5 12. Ke2 Bb7 13. Rg1 O-O-O 14. Ng5 Re8 15. Nxf7 Rg8 16. Nh6 Rh8 17. Nf7 Rg8 18.
Nh6 Rh8 19. Nf7 1/2-1/2

[Event "*** Titled Tuesday Blitz"]
[Site "Chess.com"]
[Date "2020.05.19"]
[Round "9"]
[White "Goryachkina"]
[Black "pastouche06"]
[Result "1-0"]
[WhiteElo "2630"]
[BlackElo "2451"]
[TimeControl "180+1"]
[EndTime "13:43:24 PDT"]
[Termination "Goryachkina won by resignation"]

1. d4 Nf6 2. c4 e6 3. Nf3 d5 4. Nc3 dxc4 5. e4 Bb4 6. Bg5 c5 7. Bxc4 cxd4 8. Nxd4 Bxc3+ 9. bxc3 Qa5 10. Bb5+ Nbd7 11. Bxf6 Qxc3+ 12. Kf1 gxf6 13. h4 Qb4 14. Rh3 Ke7 15. Rb1 Qd6 16. Rd3 Qh2 17. Bxd7 Qh1+ 18. Ke2 Qxd1+ 19. Rdxd1 Bxd7 20. Rxb7 Ke8 21. Nf5 exf5 22.
Rdxd7 fxe4 23. Re7+ Kd8 24. Rxf7 1-0

[Event "*** Titled Tuesday Blitz"]
[Site "Chess.com"]
[Date "2020.05.19"]
[Round "9"]
[White "Quiet_Desperation"]
[Black "JoachimMouhamad"]
[Result "0-1"]
[WhiteElo "2091"]
[BlackElo "2322"]
[TimeControl "180+1"]
[EndTime "13:43:24 PDT"]
[Termination "JoachimMouhamad won by resignation"]

1. e4 e5 2. Nf3 Nc6 3. Bc4 Nf6 4. d4 exd4 5. Ng5 Ne5 6. Bb3 h6 7. f4 hxg5 8. fxe5 Nxe4 9. O-O d5 10. Nd2 Nxd2 11.
Bxd2 Be6 12. Qe2 Be7 13. Qb5+ Kf8 14. Qxb7 c5 15. Qc6 Kg8 16. Rxf7 Bxf7 17. e6 Be8 18. Qa6 c4 19. Ba5 Qc8 0-1